 Seeded DCSS version 0.31-a0-983-g7b6862f502 (webtiles) character file.

Game seed: 13263922787007048489 (custom seed)

581 thriggle the Trooper (level 7, -4/74 HPs)
             Began as an Ogre Monk on Nov 2, 2023.
             Slain by an iguana (12 damage)
             ... on level 5 of the Dungeon.
             The game lasted 00:07:40 (3168 turns).

thriggle the Trooper (Ogre Monk)                    Turns: 3168, Time: 00:07:40

Health: -4/74      AC:  3    Str: 18    XL:     7   Next: 36%
Magic:  10/10      EV: 10    Int: 11    God:
Gold:   105        SH:  0    Dex: 11    Spells: 11/11 levels left

rFire   + . .        p - +2 giant club (spect)
rCold   . . .        (shield currently unavailable)
rNeg    . . .        b - +0 robe
rPois   .            (helmet restricted)
rElec   .            (no cloak)
rCorr   .            (gloves unavailable)
SInv    .            (boots unavailable)
Will    +....        (no amulet)
Stlth   ++           n - ring of willpower
HPRegen 0.32/turn    r - ring of protection from fire
MPRegen 0.12/turn

%: no passive effects
@: no status effects
A: large, unfitting armour, tough skin 1
a: no special abilities


You were on level 5 of the Dungeon.
You visited 1 branch of the dungeon, and saw 5 of its levels.

You collected 220 gold pieces.
You spent 115 gold pieces at shops.

Inventory:

Hand Weapons
 a - a +0 mace
 o - a +0 spear
 p - a +2 spectral giant club (weapon)
 t - a +4 flail of holy wrath
Missiles
 e - 4 datura-tipped darts
 h - 32 stones
 s - 11 poisoned darts
Armour
 b - a +0 robe (worn)
 d - an orb of light
Jewellery
 n - a ring of willpower (left hand)
 r - a ring of protection from fire (right hand)
 x - a ring of flight
Wands
 z - a wand of polymorph (5)
Scrolls
 g - 2 scrolls of teleportation
 l - a scroll of vulnerability
 u - a scroll of fear
 w - 2 scrolls of noise
 y - a scroll of blinking
Potions
 c - a potion of ambrosia
 f - a potion of lignification
 i - a potion of invisibility
 j - 3 potions of enlightenment
 k - a potion of brilliance {unknown}
 m - a potion of haste
 q - 4 potions of curing
 v - a potion of attraction {unknown}


   Skills:
 + Level 5.8 Fighting
 + Level 3.9 Maces & Flails
 + Level 2.8 Throwing
 + Level 4.0 Dodging
 + Level 2.1 Stealth
 + Level 2.5 Spellcasting
 + Level 0.2 Evocations


You had 11 spell levels left.
You didn't know any spells.
Your spell library was empty.

Dungeon Overview and Level Annotations

Branches:
Dungeon (5/15)
 Temple: D:4-7

Altars:
Ashenzari
Fedhas

Shops:
D:2 (   D:4 :?

Annotations:
D:4 3 runed translucent doors, Whiskey's ghost, amateur OpSh


Innate Abilities, Weirdness & Mutations

You are too large for most types of armour.
You have tough skin. (AC +1)


Message History

Found 14 gold pieces.
Found a scroll of teleportation.
q - 4 potions of curing (gained 1)
An iguana comes into view.
An adder comes into view.
An ogre comes into view. It is wielding a +0 giant spiked club.
The ogre shouts!
The adder hisses angrily.
The adder barely misses you.
You see here a scroll of teleportation.
g - 2 scrolls of teleportation (gained 1)
The iguana bites you!
The ogre hits you with a +0 giant spiked club!
The adder barely misses you.
You barely miss the ogre.
Your +2 spectral giant club closely misses the ogre.
The adder bites you but does no damage.
The iguana bites you but does no damage.
The ogre hits you with a +0 giant spiked club!!
The adder bites you.
You closely miss the ogre.
Your +2 spectral giant club hits the ogre!
The iguana barely misses you. The adder misses you.
The ogre closely misses you. The iguana bites you!
* * * LOW HITPOINT WARNING * * *
The adder barely misses you.
You sock the ogre!
You kill the ogre!
Your +2 spectral giant club disappears.
The adder bites you but does no damage. The iguana barely misses you.
Your Dodging skill increases to level 4!
You miss the adder.
Your +2 spectral giant club closely misses the adder.
The adder misses you. The iguana bites you.
* * * LOW HITPOINT WARNING * * *
The adder bites you but does no damage. The iguana bites you.
* * * LOW HITPOINT WARNING * * *
Your +2 spectral giant club disappears.
The adder completely misses you.
The iguana hisses menacingly.
The iguana attacks as it pursues you! The iguana bites you!
You die...

..........##
..........#
..........#
..........#
.........##
.........#
..$......#
.........#
#.......@##
###.....Sl#
###......#
#.........#
#..........#
#..........#
#.........##
#..........
#........##.


You could see an iguana and an adder.

Vanquished Creatures
  Edmund (D:4)
  2 ogres
  A phantom (D:4)
  An orc priest (D:4)
  Jessica (D:3)
  An iguana (D:4)
  3 gnolls (D:4)
  4 adders (D:2)
  A worm (D:4)
  7 orcs
  4 bats
  3 endoplasms
  3 giant cockroaches
  7 goblins
  9 hobgoblins
  5 jackals
  2 quokkas
  7 ball pythons
  5 frilled lizards
  5 kobolds
  3 rats
75 creatures vanquished.

Notes
Turn   | Place    | Note
-------+----------+-------------------------------------------
     0 | D:1      | thriggle the Ogre Monk began the quest for the Orb.
     0 | D:1      | Reached XP level 1. HP: 24/24 MP: 1/1
    91 | D:1      | Reached XP level 2. HP: 17/32 MP: 2/2
   811 | D:2      | Reached XP level 3. HP: 40/40 MP: 3/3
   830 | D:2      | Found Keruzami's Weapon Shoppe.
  1133 | D:2      | Identified a scroll of acquirement
  1134 | D:2      | Acquired a +2 spectral giant club
  1241 | D:2      | Found a broken altar of Ashenzari.
  1247 | D:2      | Reached skill level 1 in Throwing
  1263 | D:2      | Reached XP level 4. HP: 45/49 MP: 4/4
  1702 | D:3      | Found a blossoming altar of Fedhas.
  1734 | D:3      | Noticed Jessica
  1743 | D:3      | Killed Jessica
  1744 | D:3      | Reached skill level 1 in Stealth
  2271 | D:4      | Found a runed translucent gate.
  2271 | D:4      | Found a runed translucent gate.
  2271 | D:4      | Found a runed translucent gate.
  2280 | D:4      | Reached XP level 5. HP: 55/55 MP: 6/6
  2326 | D:4      | Reached skill level 1 in Spellcasting
  2408 | D:4      | Found Zamm's Book Boutique.
  2422 | D:4      | Noticed Edmund
  2432 | D:4      | Killed Edmund
  2433 | D:4      | Reached skill level 5 in Fighting
  2433 | D:4      | Reached XP level 6. HP: 39/66 MP: 6/8
  2668 | D:4      | Found Nyguclus's Magic Scroll Shop.
  2696 | D:4      | Reached XP level 7. HP: 18/72 MP: 10/10
  2771 | D:4      | Bought a scroll of identify for 20 gold pieces
  2771 | D:4      | Bought a scroll of blinking for 75 gold pieces
  2772 | D:4      | Bought a scroll of identify for 20 gold pieces
  3099 | D:4      | Noticed Whiskey's ghost (amateur OpSh)
  3127 | D:5      | Entered Level 5 of the Dungeon
  3168 | D:5      | Slain by an iguana

Illustrated notes

Levels and vault maps discovered:
D:1:      psy_arrival_fountain, layout_basic, minmay_hexomino_f4
D:2:      layout_basic, serial_shops, shop, basic_altar, st_stairs_6,
          skrybe_limestone_x
D:3:      layout_loops_ring, fedhas_altar_2, kennysheep_minor_cross,
          uniq_jessica
D:4:      layout_loops_ring, serial_shops, shop, shop,
          gammafunk_ghost_necromancy, uniq_edmund
D:5:      layout_cave_pods, uniq_eustachio

Skill      XL: |  1  2  3  4  5  6  7 |
---------------+----------------------+-----
Maces & Flails | 3 |  3.9
Dodging        | 3 4 |  4.0
Throwing       | 1 2 |  2.8
Stealth        | 1 2 |  2.1
Spellcasting   | 1 2 |  2.5
Fighting       | 5 |  5.8
Evocations     | |  0.2

Action                     |  1- 3 |  4- 6 |  7- 9 || total
---------------------------+-------+-------+-------++-------
  Melee: Mace              |    89 |       |       ||    89
         Giant club        |     8 |    82 |    15 ||   105
    Use: Scroll            |     4 |     6 |     2 ||    12
         Potion            |       |     3 |       ||     3
   Stab: Sleeping          |       |     2 |     1 ||     3
         Invisible         |       |     2 |       ||     2
 Armour: Robe              |    72 |    60 |    22 ||   154
  Dodge: Dodged            |    84 |    38 |    17 ||   139

Table legend: (Time is in decaauts)
 A = Elapsed time spent in this place.
 B = Non-inter-level travel time spent in this place.
 C = Inter-level travel time spent in this place.
 D = Time resting spent in this place.
 E = Time spent auto-exploring this place.
 F = Levels seen in this place.
 G = Mean time per level.
                   A        B        C        D        E       F      G
               +--------+--------+--------+--------+--------+-----+--------+
         Total |   3232 |   3143 |     89 |      0 |   2285 |   5 |  646.4 |
       Dungeon |   3232 |   3143 |     89 |      0 |   2285 |   5 |  646.4 |
               +--------+--------+--------+--------+--------+-----+--------+

Top non-repeatable levels by time:
     D:4: 924 daAuts
     D:1: 817 daAuts
     D:2: 752 daAuts
     D:3: 693 daAuts
     D:5: 44 daAuts
